 Dungeon Crawl Stone Soup version 0.27-a0-1416-g941b2bd30b (webtiles) character file.

Game seed: 2008454403564664584

1871 robertstho the Thaumaturge (level 9, -4/61 HPs)
             Began as a Djinni Fire Elementalist on July 1, 2021.
             Was an Initiate of Gozag.
             Hit by a large rock thrown by a cyclops (45 damage)
             ... on level 7 of the Dungeon.
             The game lasted 00:10:50 (8565 turns).

robertstho the Thaumaturge (DjFE)                   Turns: 8565, Time: 00:10:51

Health: -4/61      AC:  4    Str:  5    XL:     9   Next: 35%
Gold:   224        EV: 12    Int: 21    God:    Gozag SH:  0 Dex: 15

rFire    + + .     SeeInvis .   q - +2 long sword (freeze)
rCold    x . .     Faith    .   (no shield)
rNeg     + . .     Spirit   .   j - +1 leather armour of the Amoeba {+Blink rN+ Dex+2}
rPois    ∞         Reflect  .   (no helmet)
rElec    .         Harm     .   (no cloak)
rCorr    .         Rampage  .   (no gloves)
Will     .....                  (boots unavailable)
Stlth    ++........             (no amulet)
HPRegen  0.20/turn              (no ring)
MPRegen  0.00/turn              (no ring)

@: gold aura, flying
A: sickness immunity, fire resistance 2, cold vulnerability 1, float, innate
caster, hp casting, extra vitality 1, weak 1, sturdy frame 1
a: Renounce Religion, Evoke Blink, Potion Petition, Call Merchant, Bribe Branch


You were on level 7 of the Dungeon.
You worshipped Gozag.
Gozag was aware of your devotion.
You visited 2 branches of the dungeon, and saw 8 of its levels.

You collected 328 gold pieces.
You paid 104 gold pieces to Gozag.

Inventory:

Hand Weapons
 b - a +1 whip of freezing
 k - a +0 dagger
 m - a +3 war axe
 q - a +2 long sword of freezing (weapon)
Armour
 a - a +0 robe
 j - the +1 leather armour of the Amoeba (worn) {+Blink rN+ Dex+2}
   (You took it off a gnoll on level 4 of the Dungeon)

   Dex:       It affects your dexterity (+2).
   rN:        It protects you from negative energy.
   +Blink:    It lets you blink.
Jewellery
 d - a +4 ring of protection
 g - a +6 ring of intelligence
Scrolls
 e - 6 scrolls of identify {unknown}
 f - a scroll of fog {unknown}
 h - a scroll of noise {unknown}
 i - 2 scrolls of teleportation
 l - a scroll of summoning {unknown}
 o - a scroll of silence {unknown}
 r - 3 scrolls of blinking {unknown}
 t - a scroll of amnesia {unknown}
Potions
 c - a potion of mutation
 n - a potion of heal wounds {unknown}
 p - a potion of berserk rage {unknown}
 s - a potion of curing {unknown}


   Skills:
 * Level 3.5 Fighting
 + Level 2.8 Dodging
 + Level 2.8 Stealth
 * Level 8.4 Spellcasting


You couldn't memorise any spells.
You knew the following spells:

 Your Spells              Type           Power      Damage    Failure   Level
a - Foxfire               Conj/Fire      100%       2x1d9     1%          1
b - Conjure Flame         Conj/Fire      44%        6-21      1%          3
c - Inner Flame           Hex/Fire       44%        N/A       1%          3
d - Sticky Flame          Conj/Fire      44%        2d6       2%          4
e - Fireball              Conj/Fire      22%        3d10      7%          5
f - Shock                 Conj/Air       100%       1d9       1%          1
g - Ensorcelled Hibernat  Hex/Ice        88%        N/A       1%          2
h - Ignite Poison         Fire/Tmut/Pois 44%        N/A       1%          3
i - Olgreb's Toxic Radia  Pois           44%        N/A       2%          4
Your spell library was empty.

Dungeon Overview and Level Annotations

Branches:
Dungeon (7/15)             Temple (1/1) D:4

Altars:
Ashenzari
Cheibriados
Dithmenos
Elyvilon
Fedhas
Gozag
Hepliaklqana
Kikubaaqudgha
Nemelex Xobeh
Okawaru
Qazlal
Ru
Sif Muna
Trog
Wu Jian
Xom
Yredelemnul
Zin
The Shining One

Annotations:
D:3 1 runed translucent door, Crazy Yiuf


Innate Abilities, Weirdness & Mutations

You are immune to sickness and miasma.
You are immune to poison.
Your flesh is very heat resistant. (rF++)
You are vulnerable to cold. (rC-)
You float through the air rather than walking.
You learn spells naturally, not from books.
Your magical power is your life essence.
You have superior vitality. (+4 HP)
You are weak. (Str -2)
Your movements are slightly less encumbered by armour. (ER -2)


Message History

The cyclops is no longer distracted by gold.
The foxfire hits the water moccasin but does no damage.
The water moccasin is heavily wounded.
The foxfire hits the water moccasin.
The water moccasin is heavily wounded.
The foxfire hits the water moccasin.
The water moccasin is severely wounded.
Casting: Foxfire (safe; 1% risk of failure)
Press: ? - help, Q - select action, (/) - cycle Dir - look around, f - activate You conjure some foxfire!
The foxfire hits the water moccasin!
You kill the water moccasin!
Unknown command.
Casting: Foxfire (safe; 1% risk of failure)
Press: ? - help, Q - select action, (/) - cycle Dir - look around, f - activate You conjure some foxfire!
The foxfire hits the cyclops.
The cyclops is lightly wounded.
The foxfire hits the cyclops.
The cyclops is lightly wounded.
The foxfire hits the cyclops.
The cyclops is lightly wounded.
Casting: Foxfire (safe; 1% risk of failure)
Press: ? - help, Q - select action, (/) - cycle Dir - look around, f - activate You conjure some foxfire!
The foxfire hits the cyclops but does no damage.
The cyclops is lightly wounded.
The foxfire hits the cyclops.
The cyclops is moderately wounded.
Casting: Foxfire (safe; 1% risk of failure)
Press: ? - help, Q - select action, (/) - cycle Dir - look around, f - activate You conjure some foxfire!
The foxfire hits the cyclops.
The cyclops is moderately wounded.
The foxfire hits the cyclops!
The cyclops is heavily wounded.
The cyclops throws a large rock.
The large rock hits you!!!
Ouch! That really hurt!
You die...
Your body crumbles into a pile of gold.

###############
......##......##########
........................
####........#.##........
..##..#######.##.#####.#
..##..#.......##.#
..#...#.########.#
###'### #######§####
#≈≈.≈≈# #....$v@§..#
#≈♣.♣≈# #.....§§v..#
#≈._.≈# #....C.....#
#≈♣.♣≈# ...........#
#≈≈(≈≈# ............#
###'###.##..........#
........#######.#####
........## #.
##.........


You could see a cyclops (ally target).

Vanquished Creatures
  3 water moccasins
  A sky beast (D:5)
  2 ice beasts
  A black bear (D:7)
  2 ogres (D:6)
  A centaur (D:6)
  A phantom (D:4)
  A wyvern zombie (D:5)
  A scorpion (D:6)
  A water moccasin skeleton (D:4)
  3 wights (D:6)
  A centaur zombie (D:5)
  3 orc priests
  A hound (D:6)
  5 jellies
  A hound skeleton (D:4)
  4 gnolls (D:4)
  9 adders
  4 white imps
  3 ufetubi
  A worm (D:2)
  4 dart slugs
  8 orcs
  6 ball pythons
  4 bats (D:1)
  7 endoplasms
  3 giant cockroaches
  5 goblins
  6 hobgoblins
  14 jackals
  5 kobolds
  2 quokkas
  3 frilled lizards
  6 rats
122 creatures vanquished.

Vanquished Creatures (collateral kills)
  A foxfire (D:6)
1 creature vanquished.

Vanquished Creatures (others)
  746 foxfires
  A fungus (D:3)
747 creatures vanquished.

Grand Total: 870 creatures vanquished

Notes
Turn   | Place    | Note
-------+----------+-------------------------------------------
     0 | D:1      | robertstho the Djinni Fire Elementalist began the quest for
                  | the Orb.
     0 | D:1      | Reached XP level 1. HP: 15/15 MP: 0/0
    21 | D:1      | Reached XP level 2. HP: 14/21 MP: 0/0
   438 | D:1      | Reached skill level 3 in Spellcasting
   568 | D:1      | Reached XP level 3. HP: 17/25 MP: 0/0
   568 | D:1      | Learned a level 1 spell: Shock
  1711 | D:2      | Found a faded altar of an unknown god.
  1760 | D:2      | Reached XP level 4. HP: 29/31 MP: 0/0
  3293 | D:3      | Reached XP level 5. HP: 27/36 MP: 0/0
  3293 | D:3      | Learned a level 2 spell: Ensorcelled Hibernation
  3415 | D:3      | Reached skill level 4 in Spellcasting
  4048 | D:3      | Found a runed translucent door.
  4049 | D:3      | Noticed Crazy Yiuf
  4067 | D:4      | Reached skill level 1 in Fighting
  4227 | D:4      | Found a staircase to the Ecumenical Temple.
  4280 | Temple   | Entered the Ecumenical Temple
  4475 | D:4      | Found an ornate altar of the Wu Jian Council.
  4527 | D:4      | Noticed a phantom
  4534 | D:4      | Killed a phantom
  4535 | D:4      | Reached XP level 6. HP: 33/43 MP: 0/0
  4901 | D:4      | HP: 2/43 [orc priest/divine providence (10)]
  4904 | D:4      | Gained mutation: You are weak. (Str -2) [potion of
                  | mutation]
  4904 | D:4      | Gained mutation: Your movements are slightly less
                  | encumbered by armour. (ER -2) [potion of mutation]
  5548 | D:4      | Reached skill level 5 in Spellcasting
  5640 | D:4      | Found a snail-covered altar of Cheibriados.
  5755 | D:4      | Identified the +1 leather armour of the Amoeba {+Blink rN+
                  | Dex+2}
  5763 | D:4      | Reached XP level 7. HP: 38/48 MP: 0/0
  5763 | D:4      | Learned a level 3 spell: Ignite Poison
  6146 | D:5      | Entered Level 5 of the Dungeon
  6399 | D:5      | Noticed a water moccasin
  6404 | D:5      | Killed a water moccasin
  6405 | D:5      | Reached skill level 6 in Spellcasting
  6405 | D:5      | Reached XP level 8. HP: 49/55 MP: 0/0
  6683 | D:5      | Found a bloodstained altar of Trog.
  6822 | D:5      | Found a basalt altar of Yredelemnul.
  6830 | D:5      | Found a glowing golden altar of the Shining One.
  6833 | D:5      | Found a stormy altar of Qazlal.
  6849 | D:5      | Found an iron altar of Okawaru.
  7143 | D:6      | Reached skill level 7 in Spellcasting
  7549 | D:6      | Reached XP level 9. HP: 57/61 MP: 0/0
  7549 | D:6      | Learned a level 4 spell: Olgreb's Toxic Radiance
  7718 | D:6      | Found a shadowy altar of Dithmenos.
  8360 | D:7      | Reached skill level 8 in Spellcasting
  8462 | D:7      | Found a sparkling altar of Nemelex Xobeh.
  8522 | D:7      | Found an opulent altar of Gozag.
  8527 | D:7      | Became a worshipper of Gozag Ym Sagoz the Greedy
  8552 | D:7      | Noticed a cyclops
  8565 | D:7      | Hit by a large rock thrown by a cyclops

Illustrated notes

Levels and vault maps discovered:
D:1:      dpeg_arrival_pond, layout_loops_ring
D:2:      layout_basic, chequers_ecumenical_altar_grove
D:3:      layout_basic, uniq_crazy_yiuf_cottage
D:4:      layout_basic, nicolae_wu_jian_wuxing_cycle, kennysheep_slug_shrine,
          minmay_temple_entry_mist, eino_tiny_chamber
D:5:      layout_cave_pools, grunt_temple_overflow_cloverleaf,
          general_overflow_altar
D:6:      layout_rooms, nicolae_dithmenos_through_a_glass_darkly
D:7:      layout_basic, nicolae_overflow_hidden_temple,
          nemelex_spade_bored_becter, kennysheep_little_box, serial_shops, shop,
          roderic_lattice_a, kennysheep_generic_room_5
Temple:   nicolae_temple_figure_zero

Skill      XL: |  1  2  3  4  5  6  7  8  9 |
---------------+----------------------------+-----
Spellcasting   | 3 4 5 6 7 8 |  8.4
Fighting       | 1 2 3 |  3.5
Stealth        | 2 |  2.8
Dodging        | |  2.8

Action                   |  1- 3 |  4- 6 |  7- 9 || total
-------------------------+-------+-------+-------++-------
Melee: Unarmed           |       |     6 |       ||     6
       Whip              |       |     2 |       ||     2
 Cast: Foxfire           |    84 |   186 |   180 ||   450
  Use: Potion            |       |     4 |       ||     4
       Scroll            |       |     1 |       ||     1
Armor: Leather armour    |       |       |    13 ||    13
Dodge: Dodged            |     2 |    16 |    13 ||    31
       Rpst.: Long sword |       |       |     2 ||     2

Table legend: (Time is in decaauts)
 A = Elapsed time spent in this place.
 B = Non-inter-level travel time spent in this place.
 C = Inter-level travel time spent in this place.
 D = Time resting spent in this place.
 E = Time spent auto-exploring this place.
 F = Levels seen in this place.
 G = Mean time per level.
                   A        B        C        D        E       F      G
               +--------+--------+--------+--------+--------+-----+--------+
         Total |   8544 |   8402 |    142 |    278 |   7251 |   8 | 1068.0 |
       Dungeon |   8421 |   8290 |    131 |    278 |   7138 |   7 | 1203.0 |
        Temple |    123 |    113 |     10 |      0 |    113 |   1 |  123.0 |
               +--------+--------+--------+--------+--------+-----+--------+

Top non-repeatable levels by time:
     D:4: 1943 daAuts
     D:1: 1635 daAuts
     D:3: 1341 daAuts
     D:6: 1237 daAuts
     D:2: 1081 daAuts
     D:5: 905 daAuts
     D:7: 276 daAuts
  Temple: 123 daAuts
